 Dungeon Sprint DCSS version 0.27.1-33-g824d729ab1 (webtiles) character file.

Game seed: 9339278012704519221

288 manyhoops the Cleaver (level 6, -4/99 HPs)
             Began as a Minotaur Berserker on Nov 27, 2021.
             Was a Believer of Trog.
             Succumbed to Sonja's poison
             ... in the Dungeon (Sprint I: "Red Sonja").
             The game lasted 00:01:09 (285 turns).

manyhoops the Cleaver (Minotaur Berserker)           Turns: 285, Time: 00:01:10

Health: -4/99      AC:  6    Str: 23    XL:     6   Next: 9%
Magic:  5/5        EV: 11    Int:  4    God:    Trog [**....]
Gold:   309        SH:  0    Dex: 10    Spells: 5/5 levels left

rFire    . . .     SeeInvis .   a - +0 hand axe
rCold    . . .     Faith    .   (no shield)
rNeg     . . .     Spirit   .   j - +0 ring mail
rPois    .         Reflect  .   (helmet restricted)
rElec    .         Harm     .   (no cloak)
rCorr    .         Rampage  .   (no gloves)
Will     ++...     NoTele   +   (no boots)
Stlth    ..........             (no amulet)
HPRegen  1.26/turn              (no ring)
MPRegen  0.09/turn              (no ring)

@: berserking, lethally poisoned (-4 -> -68), strong-willed, regenerating, very
quick
A: horns 2, retaliatory headbutt
a: Renounce Religion, Berserk, Trog's Hand


You were in the Dungeon.
You worshipped Trog.
Trog was pleased with you.
You visited 1 branch You collected 309 gold pieces.

Inventory:

Hand Weapons
 a - a +0 hand axe (weapon)
Missiles
 i - 4 poisoned darts (quivered)
Armour
 b - a +0 animal skin
 j - a +0 ring mail (worn)
Scrolls
 h - 2 scrolls of blinking
Potions
 e - a potion of haste
 f - 2 potions of magic
 g - a potion of berserk rage


   Skills:
 + Level 9.9 Fighting
 - Level 11.4 Axes
 + Level 5.5 Armour
 - Level 2.1 Dodging


You had 5 spell levels left.
You didn't know any spells.
Your spell library was empty.

Dungeon Overview and Level Annotations

Branches:
Dungeon (1/1)

Altars:
Sif Muna
Vehumet
Wu Jian

Annotations:
D Sonja


Innate Abilities, Weirdness & Mutations

You have a pair of horns on your head.
You reflexively headbutt those who attack you in melee.


Message History

You are lethally poisoned!
Sonja hits you with a +0 short sword of venom.
You are more poisoned.
Sonja misses you.
Unknown command.
Unknown command.
Unknown command.
Unknown command.
Okay, then.
A red film seems to cover your vision as you go berserk!
You feel yourself moving faster!
You feel mighty!
* * * LOW HITPOINT WARNING * * *
You feel extremely sick. Sonja misses you. x2
Sonja hits you with a +0 short sword of venom!
* * * LOW HITPOINT WARNING * * *
You are more poisoned.
You miss Sonja.
Sonja is moderately wounded.
* * * LOW HITPOINT WARNING * * *
You feel very sick. Sonja barely misses you. You furiously retaliate!
You headbutt Sonja! Sonja hits you but does no damage.
Sonja closely misses you.
You barely miss Sonja.
Sonja is severely wounded.
* * * LOW HITPOINT WARNING * * *
You feel very sick.
Sonja hits you with a +0 short sword of venom.
* * * LOW HITPOINT WARNING * * *
You are more poisoned.
Sonja hits you with a +0 short sword of venom.
* * * LOW HITPOINT WARNING * * *
You are more poisoned.
Sonja hits you with a +0 short sword of venom.
* * * LOW HITPOINT WARNING * * *
You are more poisoned.
Unknown command.
You miss Sonja.
Sonja is severely wounded.
You die...

################
#<.#..)..#.)'..#
#..').#..'..#..+
#..#####'#####'#
#..# #..#...#.#
#..# ####..##.#
#..# ##'#_(+
#⌠⌠# +..K_# ####
#_@#'# ##'#.#
#.### $.$ $.$
##.## #+#


You could see Sonja.

Vanquished Creatures
  Sigmund (D)
  An ogre (D)
  A jelly (D)
  Ijyb (D)
4 creatures vanquished.

Notes
Turn   | Place    | Note
-------+----------+-------------------------------------------
     0 | D        | manyhoops the Minotaur Berserker began the quest for the
                  | Orb.
     0 | D        | Reached XP level 1. HP: 19/19 MP: 0/0
     1 | D        | Noticed Ijyb
     7 | D        | Killed Ijyb
     8 | D        | Reached skill level 7 in Axes
     8 | D        | Reached XP level 2. HP: 26/26 MP: 1/1
    85 | D        | Noticed an ogre
    88 | D        | Killed an ogre
    89 | D        | Reached skill level 11 in Axes
    89 | D        | Reached XP level 3. HP: 29/31 MP: 2/2
    89 | D        | Reached XP level 4. HP: 36/39 MP: 3/3
   142 | D        | Noticed Sigmund
   148 | D        | Killed Sigmund
   148 | D        | Reached ** piety under Trog
   149 | D        | Reached skill level 5 in Armour
   149 | D        | Reached XP level 5. HP: 49/57 MP: 4/4
   196 | D        | Found an ornate altar of the Wu Jian Council.
   196 | D        | Found a shimmering blue altar of Sif Muna.
   198 | D        | Found a radiant altar of Vehumet.
   203 | D        | Reached XP level 6. HP: 62/66 MP: 5/5
   275 | D        | Noticed Sonja
   284 | D        | HP: 4/99 [Sonja (2)]
   285 | D        | Succumbed to Sonja's poison

Illustrated notes

Levels and vault maps discovered:
D:        dungeon_sprint_1 [red_sonja_temple_1, red_sonja_temple_small_1]

Skill      XL: |  1  2  3  4 |
---------------+-------------+-----
Axes           | 7 11 | 11.4
Fighting       | 9 |  9.9
Armour         | 5 |  5.5
Dodging        | |  2.1

Action                   |  1- 3 |  4- 6 || total
-------------------------+-------+-------++-------
Melee: Hand axe          |     6 |     7 ||    13
       Headbutt          |     2 |     1 ||     3
Throw: Dart              |       |     3 ||     3
Invok: Berserk           |     2 |     3 ||     5
       Trog's Hand       |       |     1 ||     1
  Use: Potion            |       |     2 ||     2
Armor: Ring mail         |       |     2 ||     2
Dodge: Dodged            |     1 |    16 ||    17
